 Dungeon Crawl Stone Soup version 0.25.1-2-g60ff931df9 (webtiles) character file.

Game seed: 7336884467326113075

4631 pokeman the Thaumaturge (level 10, -2/54 HPs)
             Began as a Deep Elf Wizard on Nov 12, 2020.
             Was a Believer of Vehumet.
             Slain by a wyvern skeleton (3 damage)
             ... on level 10 of the Dungeon.
             The game lasted 00:29:13 (12822 turns).

pokeman the Thaumaturge (Deep Elf Wizard)          Turns: 12822, Time: 00:29:14

Health: -2/54      AC:  7    Str:  4    XL:     10   Next: 19%
Magic:  17/28      EV: 12    Int: 27    God:    Vehumet [**....]
Gold:   156        SH:  0    Dex: 13    Spells: 22/34 levels left

rFire    . . .     SeeInvis +   C - +2 spear (venom)
rCold    . . .     Gourm    .   (no shield)
rNeg     . . .     Faith    .   g - +0 leather armour
rPois    +         Spirit   .   r - +2 helmet {SInv}
rElec    .         Reflect  .   I - scarf {+Inv}
rCorr    .         Harm     .   (no gloves)
MR       +....                  p - +0 pair of boots
Stlth    +.........             (no amulet)
HPRegen  0.18/turn              s - ring of attention (curse)
MPRegen  0.21/turn              w - ring of poison resistance

@: no status effects
A: no striking features
a: Renounce Religion, Evoke Invisibility


You were on level 10 of the Dungeon.
You worshipped Vehumet.
Vehumet was pleased with you.
You were not hungry.

You visited 2 branches of the dungeon, and saw 11 of its levels.

You collected 488 gold pieces.
You spent 332 gold pieces at shops.

Inventory:

Hand Weapons
 C - a +2 spear of venom (weapon)
 J - a +0 hand crossbow
Missiles
 z - 43 bolts
Armour
 g - a +0 leather armour (worn)
 i - a +2 kite shield
 p - a +0 pair of boots (worn)
 r - a +2 helmet of see invisible (worn)
 I - a scarf of invisibility (worn)
Magical Staves
 o - an uncursed staff of earth {unknown}
Jewellery
 c - an uncursed ring of protection from fire
 e - an uncursed ring of stealth
 s - a cursed ring of attention (left hand)
 w - a ring of poison resistance (right hand)
Wands
 H - a wand of iceblast (8)
Scrolls
 a - 5 scrolls of remove curse
 f - 2 scrolls of magic mapping {unknown}
 h - 8 scrolls of identify
 j - 3 scrolls of teleportation
 l - a scroll of enchant armour {unknown}
 m - 2 scrolls of random uselessness
 t - 2 scrolls of noise {unknown}
 u - 4 scrolls of immolation {unknown}
 v - a scroll of amnesia {unknown}
 x - a scroll of acquirement {unknown}
 y - 2 scrolls of enchant weapon {unknown}
 D - 2 scrolls of fear {unknown}
Potions
 b - a potion of magic {unknown}
 k - 6 potions of heal wounds {unknown}
 n - 4 potions of curing
 q - a potion of invisibility {unknown}
 A - a potion of lignification {unknown}
 B - a potion of might {unknown}
 F - a potion of degeneration {unknown}
Comestibles
 d - 12 rations


   Skills:
 + Level 2.6 Fighting
 - Level 3.0 Armour
 - Level 3.0 Dodging
 - Level 3.0 Stealth
 - Level 3.0 Shields
 * Level 12.5 Spellcasting
 + Level 7.1 Conjurations
 - Level 1.1 Summonings
 - Level 1.1 Translocations
 + Level 6.1 Fire Magic
 - Level 1.1 Air Magic
 - Level 1.0 Poison Magic
 + Level 3.1 Evocations


You had 22 spell levels left.
You knew the following spells:

 Your Spells              Type           Power        Failure   Level  Hunger
a - Magic Dart            Conj           ####         1%          1    None
b - Mephitic Cloud        Conj/Pois/Air  ####....     4%          3    None
c - Call Imp              Summ           ###.....     5%          2    None
d - Blink                 Tloc           N/A          5%          2    None
e - Conjure Flame         Conj/Fire      ######..     1%          3    None
f - Apportation           Tloc           ###...       3%          1    None

Your spell library contained the following spells:

 Spells                   Type           Power        Failure   Level  Hunger
 Searing Ray              Conj           ######       1%          2    None
 Summon Small Mammal      Summ           ###.         3%          1    None
 Animate Skeleton         Necr           N/A          6%          1    None
 Corona                   Hex            ###....      6%          1    None
 Slow                     Hex            ###.....     9%          2    None


Dungeon Overview and Level Annotations

Branches:
Dungeon (10/15)            Temple (1/1) D:6
   Lair: D:8-11         Orc: D:9-12

Altars:
Cheibriados
Dithmenos
Fedhas
Gozag
Hepliaklqana
Kikubaaqudgha
Nemelex Xobeh
Okawaru
Qazlal
Ru
Sif Muna
Uskayaw
Vehumet
Wu Jian
Xom
Yredelemnul
The Shining One

Shops:
D:6 ?}**[   D:8 [   D:9 *


Message History

The stinking cloud engulfs you but does no damage.
The stinking cloud engulfs the wyvern skeleton but does no damage.
The stinking cloud engulfs the gnoll but does no damage.
The wyvern skeleton bites you.
* * * LOW HITPOINT WARNING * * *
The gnoll is engulfed in noxious fumes.
The gnoll appears confused.
The gnoll is engulfed in noxious fumes.
The gnoll appears confused.
The gnoll barely misses the gnoll.
Unknown command.
Unknown command.
You kill the orc!
Vehumet accepts your kill.
The gnoll shaman is engulfed in noxious fumes.
The gnoll shaman appears confused.
The orc hits the gnoll with a +0 hand axe!
The orc barely misses itself.
The gnoll is engulfed in blazing flames.
The gnoll is engulfed in noxious fumes.
The gnoll appears confused.
The gnoll closely misses the gnoll.
The wyvern skeleton bites you.
You die...

###..#### ..
..........# ..#
..........# ....
..........######.....
..........#....'.....
........?.#...##.....
..........)o...'.....
.........gg....#.....
.......@g°gg..## ....
......>.Z§○#...+ ...
.........☼.#.### ..
..$....)...#.# #
########...#. #####.
..


You could see a gnoll shaman (confused), 4 gnolls, an orc (confused) and a
wyvern skeleton.

Vanquished Creatures
  A two-headed ogre (D:6)
  A water moccasin (D:5)
  2 orc warriors
  A sky beast (D:9)
  An ice beast (D:6)
  2 ogres
  7 centaurs
  A crocodile (D:9)
  2 big kobolds
  A gnoll sergeant (D:7)
  Blork the orc (D:6)
  2 bullfrogs (D:6)
  A wyvern zombie (D:9)
  2 water moccasin zombies
  A scorpion (D:5)
  5 killer bees (D:9)
  3 howler monkeys
  5 crimson imps
  A quasit (D:9)
  5 hounds
  2 centaur zombies
  6 orc priests
  3 jellies
  A bullfrog skeleton (D:9)
  2 centaur skeletons
  3 iguanas
  6 orc wizards
  6 worker ants
  A hound zombie (D:5)
  2 hound skeletons
  A worker ant zombie (D:3)
  14 gnolls
  11 adders
  3 shadow imps
  An adder zombie (D:8)
  An adder skeleton (D:8)
  2 worms
  6 leopard geckos
  25 orcs
  A ball python (D:6)
  8 giant cockroaches
  12 goblins
  9 hobgoblins
  9 jackals
  14 kobolds
  2 quokkas
  9 bats
  A frilled lizard (D:2)
  2 rats
208 creatures vanquished.

Vanquished Creatures (collateral kills)
  3 orcs
  A ball python zombie (D:5)
4 creatures vanquished.

Vanquished Creatures (others)
  A hound (D:10)
  3 plants (D:2)
4 creatures vanquished.

Grand Total: 216 creatures vanquished

Notes
Turn   | Place    | Note
-------+----------+-------------------------------------------
     0 | D:1      | pokeman the Deep Elf Wizard began the quest for the Orb.
     0 | D:1      | Reached XP level 1. HP: 10/10 MP: 7/7
   405 | D:1      | Reached XP level 2. HP: 16/16 MP: 4/9
  1415 | D:2      | Reached skill level 5 in Spellcasting
  1492 | D:2      | Found a shimmering blue altar of Sif Muna.
  1580 | D:2      | Reached XP level 3. HP: 16/20 MP: 2/11
  1592 | D:2      | Learned a level 3 spell: Mephitic Cloud
  1595 | D:2      | Learned a level 2 spell: Call Imp
  1598 | D:2      | Learned a level 2 spell: Blink
  1602 | D:2      | Learned a level 3 spell: Conjure Flame
  2302 | D:2      | Reached skill level 1 in Fighting
  2302 | D:2      | Reached skill level 1 in Armour
  2485 | D:2      | Reached XP level 4. HP: 25/25 MP: 0/13
  3487 | D:3      | Reached skill level 6 in Spellcasting
  3801 | D:3      | Reached XP level 5. HP: 29/29 MP: 8/15
  3807 | D:3      | Reached skill level 1 in Shields
  4504 | D:3      | Reached skill level 1 in Fire Magic
  4843 | D:4      | Noticed an ogre
  4903 | D:4      | Killed an ogre
  4903 | D:4      | Reached skill level 1 in Air Magic
  4903 | D:4      | Reached skill level 1 in Poison Magic
  4903 | D:4      | Reached XP level 6. HP: 34/34 MP: 0/17
  5100 | D:4      | Reached skill level 7 in Spellcasting
  5187 | D:4      | Found a basalt altar of Yredelemnul.
  5663 | D:4      | Found a hazy altar of Hepliaklqana.
  5842 | D:4      | Reached XP level 7. HP: 27/38 MP: 15/20
  6240 | D:5      | Entered Level 5 of the Dungeon
  6371 | D:5      | Reached skill level 8 in Spellcasting
  7348 | D:6      | Noticed a two-headed ogre
  7404 | D:6      | Killed a two-headed ogre
  7404 | D:6      | Reached skill level 10 in Spellcasting
  7404 | D:6      | Reached skill level 5 in Conjurations
  7404 | D:6      | Reached XP level 8. HP: 11/44 MP: 5/24
  8018 | D:6      | Found Siodghez's Assorted Antiques.
  8138 | D:6      | Found Kohaon's Assorted Antiques.
  8200 | D:6      | Reached XP level 9. HP: 48/48 MP: 18/25
  8203 | D:6      | Noticed Blork the orc
  8205 | D:6      | You fall into a shaft and drop 1 floor!
  8360 | D:6      | Found Titacizy's Magic Scroll Shoppe.
  8379 | D:6      | Bought a scroll of identify for 26 gold pieces
  8379 | D:6      | Bought a scroll of teleportation for 39 gold pieces
  8379 | D:6      | Bought a scroll of remove curse for 39 gold pieces
  8379 | D:6      | Bought a scroll of random uselessness for 13 gold pieces
  8537 | D:6      | Killed Blork the orc
  8632 | D:6      | Found Ekaut's Armour Boutique.
  8633 | D:6      | Found a staircase to the Ecumenical Temple.
  8636 | D:6      | Bought a +2 helmet of see invisible for 215 gold pieces
  8655 | Temple   | Entered the Ecumenical Temple
  8662 | Temple   | Became a worshipper of Vehumet
  8896 | D:6      | Found Zuteot's Gadget Boutique.
  9632 | D:7      | Learned a level 1 spell: Apportation
  9699 | D:7      | Reached skill level 11 in Spellcasting
  9929 | D:7      | Found an ancient bone altar of Kikubaaqudgha.
 10169 | D:7      | Reached skill level 5 in Fire Magic
 10517 | D:8      | Found a glowing golden altar of the Shining One.
 10517 | D:8      | Found a faded altar of an unknown god.
 10522 | D:8      | Found a snail-covered altar of Cheibriados.
 10524 | D:8      | Found a faded altar of an unknown god.
 10571 | D:8      | Found a sparkling altar of Nemelex Xobeh.
 10744 | D:8      | Found Yqaimmem's Armour Emporium.
 10757 | D:8      | Found a sacrificial altar of Ru.
 11031 | D:8      | Found a blossoming altar of Fedhas.
 11279 | D:8      | Reached * piety under Vehumet
 11279 | D:8      | Offered knowledge of Shock by Vehumet.
 11279 | D:8      | Reached skill level 1 in Evocations
 11944 | D:9      | Found a shimmering altar of Xom.
 12035 | D:9      | Found an iron altar of Okawaru.
 12056 | D:9      | Reached skill level 12 in Spellcasting
 12227 | D:9      | Reached XP level 10. HP: 14/53 MP: 10/28
 12238 | D:9      | Reached ** piety under Vehumet
 12261 | D:9      | Offered knowledge of Searing Ray by Vehumet.
 12662 | D:9      | Found Tual's Assorted Antiques.
 12804 | D:10     | Entered Level 10 of the Dungeon
 12820 | D:10     | HP: 2/54 [wyvern skeleton (11)]
 12822 | D:10     | Slain by a wyvern skeleton

Illustrated notes

Levels and vault maps discovered:
D:1:      ncdulo_lavacross, layout_basic
D:2:      layout_basic, lemuel_crystal_altar, first_ration, serial_bayou_lake_a
D:3:      layout_basic, minmay_between
D:4:      layout_loops_ring, overflow_temple_1_default,
          overflow_temple_1_default
D:5:      minmay_angry_zag, layout_loops_ring
D:6:      layout_basic, temple_fountains, serial_shops, nicolae_shop_trees,
          shop, shop, shop_statue, shop_coins, hangedman_decor_diamond_cutter,
          uniq_blork_the_orc
D:7:      layout_loops_cross, overflow_temple_1_default, grunt_ogre_cave
D:8:      layout_loops_ring, chequers_temple_overflow_minitemple,
          kennysheep_mini, serial_shops, nicolae_shop_trees, basic_altar,
          nrook_loot_triangle, centaur_isle
D:9:      layout_cross, marbit_many_paths, serial_shops, kennysheep_little_box,
          okawaru_gym_becter
D:10:     layout_basic, minmay_lair_entry_grove, serial_shops, shop,
          chequers_serial_rivers_room_b, lemuel_flamethrower_2
Temple:   cyrus_circular_temple

Skill      XL: |  1  2  3  4  5  6  7  8  9 10 |
---------------+-------------------------------+-----
Spellcasting   | 5 6 7 10 12 | 12.5
Fighting       | 1 2 |  2.6
Armour         | 1 2 3 |  3.0
Conjurations   | 2 3 5 6 7 |  7.1
Dodging        | 3 |  3.0
Shields        | 1 3 |  3.0
Fire Magic     | 1 3 4 5 6 |  6.1
Air Magic      | 1 |  1.1
Poison Magic   | 1 |  1.0
Stealth        | 3 |  3.0
Evocations     | 2 3 |  3.1
Summonings     | |  1.1
Translocations | |  1.1

Action                   |  1- 3 |  4- 6 |  7- 9 | 10-12 || total
-------------------------+-------+-------+-------+-------++-------
Melee: Unarmed           |    12 |     5 |       |       ||    17
       Spear             |       |    10 |   102 |    31 ||   143
 Cast: Magic Dart        |   140 |   178 |   288 |    20 ||   626
       Mephitic Cloud    |       |     5 |    28 |    10 ||    43
       Conjure Flame     |       |     4 |    13 |     4 ||    21
       Call Imp          |       |     1 |     4 |       ||     5
       Blink             |       |       |     2 |     2 ||     4
  Use: Potion            |       |       |     3 |       ||     3
 Stab: Confused          |       |     1 |    14 |     5 ||    20
  Eat: Chunk             |     5 |    10 |    16 |     2 ||    33
       Ration            |       |       |     1 |       ||     1
Armor: Leather armour    |    20 |     6 |    43 |     5 ||    74
Dodge: Dodged            |    42 |    35 |   115 |    22 ||   214
